 Dungeon Crawl Stone Soup version 0.28.0-53-g5a82cb258f (webtiles) character file.

Game seed: 3248655791978620226

19 VardenPike the Conjurer (level 2, 0/20 HPs)
             Began as a Draconian Conjurer on Aug 23, 2022.
             Slain by a kobold
             ... wielding a +0 short sword
              (1 damage)
             ... on level 1 of the Dungeon.
             The game lasted 00:05:10 (607 turns).

VardenPike the Conjurer (Draconian Conjurer)         Turns: 607, Time: 00:05:11

Health: 0/20       AC:  4    Str:  9    XL:     2   Next: 55%
Magic:  3/5        EV: 12    Int: 18    God:
Gold:   26         SH:  0    Dex:  9    Spells: 4/5 levels left

rFire   . . .      SeeInvis .   d - +0 short sword
rCold   . . .      Faith    .   (no shield)
rNeg    . . .      Spirit   .   (armour unavailable)
rPois   .          Reflect  .   (helmet restricted)
rElec   .          Harm     .   (no cloak)
rCorr   .          Rampage  .   (no gloves)
Will    .....                   (no boots)
Stlth   ++........              (no amulet)
HPRegen 0.06/turn               e - ring of wizardry
MPRegen 0.09/turn               (no ring)

@: hasted, very quick
A: AC +4, unfitting armour, cold-blooded
a: no special abilities


You were on level 1 of the Dungeon.
You visited 1 branch of the dungeon, and saw 1 of its levels.

You collected 26 gold pieces.

Inventory:

Hand Weapons
 a - a +0 dagger
 b - a +0 club
 d - a +0 short sword (weapon)
Magical Staves
 h - a staff of fire
Jewellery
 e - a ring of wizardry (left hand)
Scrolls
 f - a scroll of enchant armour {unknown}
 g - a scroll of holy word {unknown}
Potions
 c - a potion of haste


   Skills:
 + Level 0.2 Short Blades
 + Level 2.0 Dodging
 + Level 1.9 Stealth
 + Level 2.1 Spellcasting
 + Level 4.5 Conjurations


You had 4 spell levels left.
You knew the following spells:

 Your Spells              Type           Power      Damage    Failure   Level
a - Magic Dart            Conj           72%        1d6       1%          1

Your spell library contained the following spells:

 Spells                   Type           Power      Damage    Failure   Level
 Searing Ray              Conj           36%        2d5       1%          2
 Dazzling Flash           Conj/Hex       18%        N/A       9%          3
 Fulminant Prism          Conj/Hex       4%         3d6       26%         4
 Iskenderun's Mystic Bla  Conj/Tloc      9%         2d4       26%         4


Dungeon Overview and Level Annotations

Branches:
Dungeon (1/15)

Altars:


Innate Abilities, Weirdness & Mutations

Your plain brown scales are hard. (AC +4)
You cannot fit into any form of body armour.
You are cold-blooded and may be slowed by cold attacks.


Message History

You hit the endoplasm.
The endoplasm is severely wounded.
The quokka closely misses you. The endoplasm freezes you.
You are frozen.
The quokka misses you.
You hit the endoplasm.
The endoplasm is almost dead.
The endoplasm closely misses you. The quokka barely misses you.
You hit the endoplasm.
You kill the endoplasm!
The quokka barely misses you.
You hit the frilled lizard.
You kill the frilled lizard!
The quokka misses you.
You hit the kobold.
The kobold is moderately wounded.
The quokka misses you. The kobold closely misses you. The quokka bites you.
You barely miss the kobold. Your punch misses the kobold.
The kobold is moderately wounded.
The kobold hits you but does no damage. The quokka misses you.
You closely miss the kobold.
The kobold is moderately wounded.
The kobold hits you with a +0 short sword.
* * * LOW HITPOINT WARNING * * *
The quokka closely misses you. The kobold barely misses you.
You closely miss the kobold.
The kobold is moderately wounded.
The quokka misses you. x2
The kobold hits you with a +0 short sword.
* * * LOW HITPOINT WARNING * * *
You hit the kobold but do no damage.
The kobold is moderately wounded.
The quokka bites you but does no damage.
The kobold hits you with a +0 short sword.
* * * LOW HITPOINT WARNING * * *
It was a potion of haste.
You feel yourself speed up.
The quokka twitches its whiskers.
The quokka completely misses you.
The kobold hits you with a +0 short sword.
You die...

# *,* *#.#.** #......# #*****,**
*#.#* #.####.# *,,,,,,,* #.# #.#
#.#*
*,,,**,,***########.#####.####...
##,*,,,,,,,......................
.##,**,,***#######.######.####...
..#***,,,,* #.# #.# ##.# ..#
*,,*,***#####.### #.# *.# ..#
*,,,,,,*#gK@....# #.# *,* .##
*,,*.#...[#r#...# #.# *,* ##
*,,,.......g..#.# #.# *,* ****
*,,*.#....#.#.#.#* #.# *,* ,,,*
*,,,....#.....#..***,* *,*
**,***,*,###.#..####,..**,* *,*
**,**,***,,.,...,,,,,...,,* *,*
**,**,,*,*#*.##.*,,,*,#.#,* *,*
,,,,,*,,** *,**,*,,,,,,,,,* *,*


You could see a quokka, a hobgoblin, a goblin and a kobold.

Vanquished Creatures
  A dart slug (D:1)
  2 endoplasms (D:1)
  4 goblins (D:1)
  2 hobgoblins (D:1)
  2 kobolds (D:1)
  4 frilled lizards (D:1)
15 creatures vanquished.

Notes
Turn   | Place    | Note
-------+----------+-------------------------------------------
     0 | D:1      | VardenPike the Draconian Conjurer began the quest for the
                  | Orb.
     0 | D:1      | Reached XP level 1. HP: 14/14 MP: 3/3
   170 | D:1      | Reached XP level 2. HP: 18/20 MP: 5/5
   606 | D:1      | HP: 1/20 [kobold/+0 short sword (1)]
   607 | D:1      | Slain by a kobold

Illustrated notes

Levels and vault maps discovered:
D:1:      dpeg_arrival_three_bigger_balls, layout_loops_ring, serial_glass,
          glass_columns_a, glass_columns_a, glass_columns_c, glass_columns_a,
          glass_columns_b, glass_columns_a, glass_columns_a, glass_columns_c,
          glass_columns_b, glass_columns_c, nrook_mini_backslash

Skill      XL: |  1  2 |
---------------+-------+-----
Dodging        | 2 |  2.0
Short Blades   | |  0.2
Stealth        | |  1.9
Spellcasting   | |  2.1
Conjurations   | |  4.5

Action                   || total
-------------------------++-------
Melee: Short sword       ||    42
       Dagger            ||     2
       Tailslap          ||     3
       Unarmed           ||     1
 Cast: Magic Dart        ||    13
  Use: Potion            ||     2
       Scroll            ||     1
Armor: Skin              ||    13
Dodge: Dodged            ||    42
